[Event "2026 European Womens Championship"]
[Site "Batumi, GE"]
[Date "2026.06.05"]
[Round "11"]
[White "Tsirulnik, Maritsa"]
[Black "Saltkhutsishvili, Sara"]
[Result "1/2-1/2"]
[Board "65"]
[TimeControl "5400+30"]
[WhiteFideId "14118688"]
[BlackFideId "13636995"]
[WhiteElo "2028"]
[BlackElo "1763"]
[WhiteTitle "WFM"]
[WhiteClock "0:20:41"]
[BlackClock "0:13:03"]
[Variant "Standard"]

1. d4 d5 2. c4 e6 3. Nf3 Nf6 4. g3 Be7 5. Bg2 O-O 6. O-O dxc4 7. Qc2 a6 8. a4 Bd7 9. Qxc4 Bc6 10. Bg5 Bd5 11. Qc2 Be4 12. Qc1 Nc6 13. e3 Nd5 14. Bxe7 Qxe7 15. Nbd2 Bg6 16. Rd1 Ndb4 17. e4 Rfd8 18. Qc3 Rd7 19. Nb3 Bxe4 20. Nc5 Bxf3 21. Bxf3 Rxd4 22. Nxb7 Qf6 23. Kg2 e5 24. Rac1 Rb8 25. Bxc6 Rxd1 26. Rxd1 Qxc6+ 27. Qxc6 Nxc6 28. Nc5 Rxb2 29. Nxa6 h6 30. Rc1 Nb4 31. Nxb4 Rxb4 32. Ra1 Rb6 33. a5 Ra6 34. Kf3 f6 35. Ke4 c6 36. f4 exf4 37. gxf4 Kf7 38. f5 g6 39. fxg6+ Kxg6 40. Kf4 Kg7 41. Kf5 Kf7 42. h4 h5 43. Ra2 c5 44. Ra1 c4 45. Ke4 Kg6 46. Rg1+ Kf7 47. Ra1 Kg6 48. Rg1+ 1/2-1/2

[Event "2026 European Womens Championship"]
[Site "Batumi, GE"]
[Date "2026.06.05"]
[Round "11"]
[White "Hariharan, Shambavi"]
[Black "Kalayci, Nino"]
[Result "1/2-1/2"]
[Board "66"]
[TimeControl "5400+30"]
[WhiteFideId "488160"]
[BlackFideId "13603221"]
[WhiteElo "2008"]
[BlackElo "1755"]
[WhiteTitle "WFM"]
[BlackTitle "WCM"]
[WhiteClock "0:11:10"]
[BlackClock "0:22:24"]
[Variant "Standard"]

1. d4 d5 2. c4 e6 3. Nf3 Nf6 4. g3 Be7 5. Bg2 O-O 6. O-O dxc4 7. Qc2 a6 8. a4 Bd7 9. Qxc4 Bc6 10. Bg5 Bd5 11. Qc1 Ne4 12. Bxe7 Qxe7 13. Nc3 Nxc3 14. Qxc3 Nc6 15. Rac1 Rac8 16. Rfe1 Be4 17. Qe3 Bd5 18. Rc5 Rfd8 19. Rec1 Qd6 20. Qd3 Bxf3 21. Bxf3 Qxd4 22. Bxc6 Qxd3 23. exd3 bxc6 24. Rxc6 Rxd3 25. Rxa6 g6 26. b4 Rb8 27. b5 Rb7 28. Rc4 Ra3 29. Rb4 Kf8 30. Rd4 Ke7 31. Kg2 Rb3 32. Ra8 e5 33. Rc4 Ra3 34. Rc5 Kd6 35. Rc6+ Kd7 36. Rca6 Rb6 37. Rxb6 cxb6 38. Ra7+ Ke6 39. Ra6 Kd5 40. Rxb6 Rxa4 41. Rb7 Ke6 42. b6 Rb4 43. h4 h5 44. Rb8 e4 45. Kf1 Rb2 46. Re8+ Kf5 47. Re7 Rxb6 48. Rxf7+ Ke5 49. Ke2 Rb2+ 50. Ke3 Rb3+ 51. Ke2 Rb2+ 52. Ke3 Rb3+ 53. Ke2 1/2-1/2

[Event "2026 European Womens Championship"]
[Site "Batumi, GE"]
[Date "2026.06.05"]
[Round "11"]
[White "Danielyan, Lilia"]
[Black "Muradyan, Anahit"]
[Result "1/2-1/2"]
[Board "67"]
[TimeControl "5400+30"]
[WhiteFideId "13319841"]
[BlackFideId "13314807"]
[WhiteElo "1728"]
[BlackElo "1977"]
[WhiteClock "0:10:41"]
[BlackClock "0:24:45"]
[Variant "Standard"]

1. c4 Nf6 2. Nc3 e6 3. e4 d6 4. d4 Be7 5. Be2 O-O 6. Nf3 c5 7. d5 exd5 8. cxd5 a6 9. a4 Bg4 10. O-O Nbd7 11. Nd2 Bxe2 12. Qxe2 Re8 13. Nc4 b6 14. Bf4 Nf8 15. Bg3 Ng6 16. f4 h5 17. h3 h4 18. Bh2 Ra7 19. Qf3 Bf8 20. e5 dxe5 21. fxe5 Nh7 22. Rae1 Ng5 23. Qf5 Kh7 24. Qg4 Rb7 25. Rf5 b5 26. Ne3 b4 27. Ncd1 Be7 28. d6 Bxd6 29. exd6 Ne4 30. Qf3 Qd7 31. Nc4 Nxd6 32. Rh5+ Kg8 33. Rxe8+ Nxe8 34. Nde3 b3 35. Ne5 Qd4 36. Nxg6 fxg6 37. Re5 Qd7 38. Bf4 Rb4 39. Nd5 Rxa4 40. Ne7+ Kf7 41. Qxb3+ c4 42. Qf3 Nf6 43. Nd5 Ra1+ 44. Kh2 Qc6 45. Nxf6 Qxf3 46. gxf3 gxf6 47. Re2 Ra2 48. Rd2 g5 49. Be3 a5 50. Bd4 a4 51. Bc3 a3 52. Kg2 axb2 53. Rxb2 Ra3 54. Rc2 f5 55. Bd2 g4 56. hxg4 fxg4 57. fxg4 Rg3+ 58. Kh2 Rxg4 59. Kh3 Re4 60. Bg5 Ke6 61. Bxh4 Kd5 62. Bf6 Rf4 63. Bc3 1/2-1/2

[Event "2026 European Womens Championship"]
[Site "Batumi, GE"]
[Date "2026.06.05"]
[Round "11"]
[White "Rusitashvili, Tea"]
[Black "Vakhania, Aleksandra"]
[Result "0-1"]
[Board "68"]
[TimeControl "5400+30"]
[WhiteFideId "13640771"]
[BlackFideId "13602560"]
[WhiteElo "1929"]
[BlackElo "2079"]
[WhiteTitle "WCM"]
[BlackTitle "WIM"]
[WhiteClock "0:11:40"]
[BlackClock "0:19:27"]
[Variant "Standard"]

1. e4 c6 2. d4 d5 3. exd5 cxd5 4. Bd3 Nc6 5. c3 Qc7 6. h3 e6 7. Nf3 Bd6 8. O-O Nf6 9. Re1 Bd7 10. b3 O-O-O 11. Ba3 Bf4 12. Nbd2 e5 13. dxe5 Nxe5 14. Nxe5 Bxe5 15. Rc1 Kb8 16. c4 Bc6 17. Nf3 Bf4 18. Rc2 Qa5 19. Be7 dxc4 20. Bxd8 Rxd8 21. b4 Qa3 22. Rxc4 Rxd3 23. Qc2 Bd6 24. Nd4 Rxd4 25. Rxd4 Bxb4 26. Rb1 Bc5 27. Rc4 Qg3 28. Kf1 Qxg2+ 29. Ke1 Qg1+ 30. Kd2 Qxf2+ 31. Kc3 Qe3+ 32. Kb2 Bd4+ 33. Rxd4 Qxd4+ 34. Kc1 a6 35. Qh2+ Ka8 36. Rb2 Ne4 37. Qe2 Bb5 0-1

[Event "2026 European Womens Championship"]
[Site "Batumi, GE"]
[Date "2026.06.05"]
[Round "11"]
[White "Ashotia, Barbare"]
[Black "Krkyasharyan, Sona"]
[Result "0-1"]
[Board "69"]
[TimeControl "5400+30"]
[WhiteFideId "13625187"]
[BlackFideId "13316729"]
[WhiteElo "1913"]
[BlackElo "2063"]
[BlackTitle "WFM"]
[WhiteClock "0:30:45"]
[BlackClock "0:58:30"]
[Variant "Standard"]

1. e4 c5 2. Nf3 d6 3. d4 cxd4 4. Nxd4 Nf6 5. Nc3 a6 6. a3 e5 7. Nf5 d5 8. Bg5 d4 9. Bxf6 gxf6 10. Na2 Bxf5 11. exf5 Qd5 12. Be2 Be7 13. O-O e4 14. Nb4 Qc5 15. Re1 a5 16. Na2 Nc6 17. b4 Qxf5 18. b5 Ne5 19. b6 O-O 20. h3 Bc5 21. Bg4 Nxg4 22. hxg4 Qe5 23. Qe2 Rfe8 24. Rab1 Bd6 25. g3 e3 26. f4 Qe4 27. Nc1 Rac8 28. Nd3 Rc3 29. a4 Rec8 30. Rb2 Qc6 31. g5 Rxc2 32. Rxc2 Qxc2 33. Qg4 f5 34. Qxf5 Rc3 35. Qf6 Rxd3 36. Qxd6 Qf2+ 37. Kh1 Qxe1+ 38. Kg2 Qb4 39. Qe5 Rd2+ 40. Kh3 e2 41. Qe8+ Qf8 42. Qe4 d3 43. f5 Rd1 44. g6 hxg6 45. fxg6 Qh6+ 0-1

[Event "2026 European Womens Championship"]
[Site "Batumi, GE"]
[Date "2026.06.05"]
[Round "11"]
[White "Akat, Elifnaz"]
[Black "Khairova, Evelina"]
[Result "1-0"]
[Board "70"]
[TimeControl "5400+30"]
[WhiteFideId "34560556"]
[BlackFideId "2845768"]
[WhiteElo "2061"]
[BlackElo "1880"]
[WhiteTitle "WFM"]
[WhiteClock "0:16:00"]
[BlackClock "0:14:10"]
[Variant "Standard"]

1. e4 c5 2. Nf3 Nc6 3. Bb5 g6 4. O-O Bg7 5. c3 a6 6. Bxc6 dxc6 7. d3 Nf6 8. h3 O-O 9. Qe2 a5 10. Rd1 a4 11. Be3 Nd7 12. d4 Qc7 13. dxc5 e5 14. Na3 f5 15. Qc4+ Kh8 16. exf5 gxf5 17. Ng5 Nf6 18. f4 h6 19. Nf3 Nd5 20. Rxd5 Be6 21. Nxe5 Bxe5 22. Rxe5 Bxc4 23. Bd4 Kh7 24. Nxc4 Rae8 25. Rae1 Rxe5 26. Rxe5 Qf7 27. Nd6 Qxa2 28. Re7+ Kg6 29. Rg7+ Kh5 30. Bf2 Qe6 31. Ne4 Rg8 32. Ng3+ 1-0

[Event "2026 European Womens Championship"]
[Site "Batumi, GE"]
[Date "2026.06.05"]
[Round "11"]
[White "Recica, Jona"]
[Black "Hayrapetyan, Nvard"]
[Result "0-1"]
[Board "71"]
[TimeControl "5400+30"]
[WhiteFideId "22105239"]
[BlackFideId "13316460"]
[WhiteElo "1842"]
[BlackElo "2057"]
[BlackTitle "WFM"]
[WhiteClock "0:49:44"]
[BlackClock "0:50:23"]
[Variant "Standard"]

1. e4 c5 2. Nc3 Nc6 3. f4 g6 4. Nf3 Bg7 5. Bb5 Nd4 6. O-O a6 7. Bc4 b5 8. Bd5 Ra7 9. d3 e6 10. Bb3 d5 11. exd5 exd5 12. Bxd5 b4 13. Re1+ Kf8 14. Bxf7 Rxf7 15. Ne4 Bg4 16. Neg5 Re7 17. Rxe7 Qxe7 18. a3 Nxf3+ 19. gxf3 Bd4+ 20. Kf1 h6 21. Ne4 Bh3+ 22. Ke2 Nf6 23. axb4 Nxe4 24. dxe4 Be6 25. c3 Bc4+ 26. Kd2 Bf2 27. Kc2 Kg7 28. b3 Rd8 29. Qh1 Bd3+ 30. Kb2 cxb4 31. Bd2 Be2 32. Qc1 Qd6 33. Be3 Bxe3 34. Qxe3 Qd2+ 35. Qxd2 Rxd2+ 36. Kc1 Rd1+ 0-1

[Event "2026 European Womens Championship"]
[Site "Batumi, GE"]
[Date "2026.06.05"]
[Round "11"]
[White "Kedelidze, Aneta"]
[Black "Esadze, Tamari"]
[Result "0-1"]
[Board "72"]
[TimeControl "5400+30"]
[WhiteFideId "13626191"]
[BlackFideId "13611186"]
[WhiteElo "1676"]
[BlackElo "1974"]
[WhiteClock "0:06:26"]
[BlackClock "0:28:13"]
[Variant "Standard"]

1. d4 d5 2. c4 e6 3. cxd5 exd5 4. Nc3 Nf6 5. Bg5 Be7 6. e3 O-O 7. Bd3 Nbd7 8. Nge2 h6 9. Bh4 c6 10. O-O Re8 11. Rb1 Ne4 12. Bxe7 Qxe7 13. Qc2 Ndf6 14. b4 Bf5 15. Ng3 Bg6 16. Ngxe4 dxe4 17. Bc4 Qd6 18. h3 Rac8 19. Qb3 a6 20. Rfd1 Bh5 21. Rdc1 Nd7 22. a4 Qg6 23. Kh1 Qf5 24. Kg1 Qg5 25. Kh2 Nf6 26. Rf1 Qh4 27. Be2 Re6 28. Qd1 Bxe2 29. Qxe2 Qg5 30. Rfc1 h5 31. b5 axb5 32. axb5 c5 33. Na4 Nd7 34. Nxc5 Nxc5 35. Rxc5 Rxc5 36. dxc5 Rg6 37. Qf1 Qxc5 38. Rc1 Qe5+ 39. Kh1 Kh7 40. Qc4 Qf5 41. Qe2 Rg5 42. Rb1 Qg6 43. Qf1 b6 44. Rc1 Qf5 45. Rb1 Qc5 46. Qe2 Rd5 47. Qa2 Rf5 48. Kg1 Qc3 49. Qe2 g6 50. Qd1 Qc4 51. Qf1 Qxf1+ 52. Kxf1 Rc5 53. Rb2 Kg7 54. Ke2 Kf6 55. f3 Ke5 56. fxe4 Kxe4 57. Rb4+ Kd5 58. e4+ Kd6 59. Rd4+ Ke5 60. Rb4 Rc2+ 61. Kf3 Rd2 62. g3 Rd3+ 63. Kf2 Rd4 64. Rb3 Rxe4 65. Rc3 Rb4 66. Rc7 f6 67. Rg7 Kf5 68. g4+ hxg4 69. hxg4+ Kg5 70. Rd7 Rxb5 71. Rd4 Rb3 72. Ke2 Rg3 73. Rb4 Rxg4 74. Rxb6 Rg3 75. Kf2 Ra3 76. Kg2 f5 77. Rc6 Ra8 78. Kg3 Ra4 79. Rb6 Rg4+ 80. Kh3 Rh4+ 81. Kg2 f4 82. Ra6 Rh6 83. Kf3 Rh3+ 84. Kg2 Rg3+ 85. Kh2 Kf5 86. Ra5+ Kg4 87. Rb5 g5 88. Rb4 Rc3 89. Rb5 Rc2+ 90. Kg1 f3 91. Kf1 Kf4 92. Kg1 g4 93. Rb4+ Kg3 94. Rb1 Rg2+ 95. Kf1 Rh2 96. Kg1 f2+ 0-1

[Event "2026 European Womens Championship"]
[Site "Batumi, GE"]
[Date "2026.06.05"]
[Round "11"]
[White "Rodshtein, Tereza"]
[Black "Manukyan, Tamara"]
[Result "1-0"]
[Board "73"]
[TimeControl "5400+30"]
[WhiteFideId "325449"]
[BlackFideId "13321307"]
[WhiteElo "2218"]
[BlackElo "1707"]
[WhiteTitle "WGM"]
[WhiteClock "0:41:55"]
[BlackClock "0:30:58"]
[Variant "Standard"]

1. e4 d5 2. exd5 Nf6 3. d4 Nxd5 4. Nf3 Bf5 5. Bd3 Bxd3 6. Qxd3 e6 7. O-O Be7 8. c4 Nf6 9. Nc3 O-O 10. Bf4 Nbd7 11. Rad1 a6 12. Rfe1 Nb6 13. h3 h6 14. Ne5 Nbd7 15. Qf3 Qc8 16. Nxd7 Nxd7 17. Qg3 Kh8 18. Bxc7 Nf6 19. c5 Rg8 20. Be5 Qc6 21. Qf4 Kh7 22. Bxf6 gxf6 23. d5 Qxc5 24. Ne4 Qb5 25. d6 Bd8 26. Nxf6+ Bxf6 27. Qxf6 Qd7 28. g3 Rg6 29. Qe5 Rc8 30. Rc1 Rg5 31. Qe4+ Kg8 32. Rc4 Rcc5 33. Rxc5 Qc8 1-0

[Event "2026 European Womens Championship"]
[Site "Batumi, GE"]
[Date "2026.06.05"]
[Round "11"]
[White "Giorgadze, Mariam Ere"]
[Black "Xing, Lida"]
[Result "1-0"]
[Board "74"]
[TimeControl "5400+30"]
[WhiteFideId "13636839"]
[BlackFideId "13326171"]
[WhiteElo "1909"]
[BlackElo "1598"]
[WhiteClock "0:34:27"]
[BlackClock "0:19:59"]
[Variant "Standard"]

1. e4 c5 2. Nf3 d6 3. d4 cxd4 4. Nxd4 Nf6 5. Nc3 g6 6. Be3 Bg7 7. f3 O-O 8. Bc4 Nc6 9. Qd2 a6 10. O-O-O Nxd4 11. Bxd4 Qc7 12. Bb3 e5 13. Be3 Rd8 14. Qf2 Qe7 15. Bb6 Re8 16. Qd2 Bf8 17. g4 Be6 18. Ba4 Nd7 19. Bc7 b5 20. Bb3 Qh4 21. Kb1 Nc5 22. Bxe6 Nxe6 23. Nd5 Rac8 24. Bb6 Kg7 25. Bf2 Qh3 26. Be3 Nc7 27. Nb6 Rcd8 28. Qe2 Qh4 29. Rhg1 Qe7 30. h4 h6 31. g5 h5 32. f4 Kg8 33. f5 Kh7 34. Rgf1 Rb8 35. Rf2 Qd8 36. fxg6+ fxg6 37. Rf7+ Bg7 38. Rd7 Rf8 39. Rxd8 Rbxd8 40. c4 Kg8 1-0

[Event "2026 European Womens Championship"]
[Site "Batumi, GE"]
[Date "2026.06.05"]
[Round "11"]
[White "Damaso Tacoronte, Carolina"]
[Black "Chanturia, Lika"]
[Result "0-1"]
[Board "75"]
[TimeControl "5400+30"]
[WhiteFideId "2292858"]
[BlackFideId "13618857"]
[WhiteElo "1890"]
[BlackElo "1649"]
[WhiteClock "0:02:34"]
[BlackClock "0:09:03"]
[Variant "Standard"]

1. d4 Nf6 2. c4 e6 3. Nc3 Bb4 4. a3 Bxc3+ 5. bxc3 c5 6. Nf3 Nc6 7. d5 Na5 8. e3 d6 9. Bd3 b6 10. e4 Qc7 11. O-O Ba6 12. Qe2 O-O-O 13. Bf4 e5 14. Bg5 Qd7 15. Nh4 h6 16. Bxf6 gxf6 17. a4 Rdg8 18. Nf5 h5 19. h3 Kc7 20. Kh2 Qe8 21. Rfe1 Bc8 22. Qb2 Bd7 23. Qc2 Rg5 24. Rg1 Bxf5 25. exf5 Rhg8 26. Rae1 Qc8 27. Qe2 Qd7 28. Qc2 Qc8 29. Qb1 Qd7 30. Qb5 Re8 31. Re3 Qxb5 32. cxb5 c4 33. Bc2 Kd7 34. Rge1 Rc8 35. Rg3 Rc5 36. Be4 Nb3 37. Rxg5 fxg5 38. Bf3 h4 39. Rd1 Kc7 40. f6 Kd8 41. Bh5 Rc7 42. g3 Nc5 43. gxh4 gxh4 44. Rg1 Kc8 45. Rg8+ Kb7 46. Bxf7 Rxf7 47. Rg7 Rc7 48. f7 Nd7 49. Rg8 Rc8 50. Re8 Kc7 51. Kg2 Rd8 52. Kf3 Nf8 53. Kg4 Kd7 54. Rxd8+ Kxd8 55. Kxh4 Ke7 56. Kg5 Kxf7 57. h4 Nh7+ 58. Kf5 Nf6 59. f3 Nxd5 60. h5 Nxc3 0-1

[Event "2026 European Womens Championship"]
[Site "Batumi, GE"]
[Date "2026.06.05"]
[Round "11"]
[White "Asatiani, Natali"]
[Black "Saraci, Rinesa"]
[Result "1-0"]
[Board "76"]
[TimeControl "5400+30"]
[WhiteFideId "13636715"]
[BlackFideId "4701976"]
[WhiteElo "1603"]
[BlackElo "1754"]
[BlackTitle "WCM"]
[WhiteClock "0:08:33"]
[BlackClock "0:01:19"]
[Variant "Standard"]

1. e4 e5 2. Nf3 Nc6 3. d4 exd4 4. Bc4 Nf6 5. e5 d5 6. Bb5 Nd7 7. O-O Be7 8. Bxc6 bxc6 9. e6 fxe6 10. Nxd4 Ne5 11. Qh5+ Ng6 12. Nxc6 Qd6 13. Nxe7 Qxe7 14. c4 Ba6 15. Na3 O-O 16. Bd2 Rf5 17. Qd1 Qh4 18. Qa4 Bxc4 19. Nxc4 Rh5 20. h3 Ne5 21. f4 Nxc4 22. Qc6 Rf8 23. Qxe6+ Kh8 24. Bc3 Qd8 25. Rad1 Rhf5 26. b3 Nb6 27. Qe3 R5f7 28. Rde1 Qd6 29. Bd4 Nd7 30. Bxa7 c5 31. b4 cxb4 32. Bd4 Qa6 33. Rf2 Kg8 34. g3 Nf6 35. Bxf6 Rxf6 36. Qb3 Qd6 37. Rd1 Rd8 38. Rd4 Qe6 39. Kg2 Rh6 40. h4 Qc6 41. Qxb4 Re6 42. Qb3 Red6 43. Rfd2 Qe8 44. Qf3 Qb5 45. a4 Qa5 46. Qd3 R8d7 47. Qb5 Qxb5 48. axb5 Kf7 49. g4 g6 50. Kf2 Ke6 51. Re2+ Kf7 52. Re5 Rd8 53. Ke3 Re6 54. Rxe6 Kxe6 55. b6 Rb8 56. Rb4 Kd6 57. b7 Kc5 58. Rb1 Kc6 59. Kd4 Kd6 60. f5 gxf5 61. gxf5 Kc6 62. f6 Kd6 63. f7 Kc7 64. Kxd5 h6 65. h5 Rd8+ 66. Ke6 Rd6+ 67. Ke5 1-0

[Event "2026 European Womens Championship"]
[Site "Batumi, GE"]
[Date "2026.06.05"]
[Round "11"]
[White "Ediberidze, Alexandra"]
[Black "Koghuashvili, Tekla"]
[Result "1-0"]
[Board "77"]
[TimeControl "5400+30"]
[WhiteFideId "13636685"]
[BlackFideId "13621564"]
[WhiteElo "1638"]
[BlackElo "1921"]
[WhiteClock "0:11:34"]
[BlackClock "0:46:29"]
[Variant "Standard"]

1. d4 Nf6 2. c4 e6 3. Nc3 b6 4. Bg5 Be7 5. Nf3 Bb7 6. e3 d5 7. Rc1 O-O 8. cxd5 exd5 9. Bd3 Nbd7 10. O-O h6 11. Bh4 Ne4 12. Bxe7 Qxe7 13. Qb3 Ndf6 14. Bxe4 dxe4 15. Ne5 c5 16. Ng6 Qd8 17. Nxf8 cxd4 18. Ne6 fxe6 19. Qxe6+ Kh8 20. exd4 Qxd4 21. Rfd1 Qb4 22. Qb3 Qa5 23. Qb5 Qa6 24. Qxa6 Bxa6 25. Nd5 Bd3 26. Nf4 Bb5 27. b3 Kh7 28. Nd5 Rf8 29. Nxf6+ Rxf6 30. Rd4 Bc6 31. Rc3 a5 32. g3 h5 33. Rc1 h4 34. Rcd1 hxg3 35. hxg3 Rf5 36. Rc1 Rf6 37. Rc3 Kh6 38. Rc2 g6 39. Rb2 Kg5 40. b4 axb4 41. Rdxb4 b5 42. Rc2 Kg4 43. Kg2 Kg5 44. Rc5+ Kh6 45. Kg1 Rd6 46. Rb1 Bd7 47. Rbc1 Rd2 48. R1c2 Rd4 49. a3 g5 50. Re5 Bg4 51. Rc1 Be2 52. Rc6+ Kh5 53. Rcc5 Rd1+ 54. Kh2 Bf3 55. Rxg5+ Kh6 56. g4 Rh1+ 57. Kg3 Ra1 58. Rxb5 Be2 59. Ra5 Rb1 60. Rgc5 Rb6 61. Rh5+ Kg6 62. Rag5+ Kf7 63. Rh7+ Kf8 64. Rc5 Ba6 65. Rd5 Kg8 66. Ra7 Bb7 67. Rd8+ 1-0

[Event "2026 European Womens Championship"]
[Site "Batumi, GE"]
[Date "2026.06.05"]
[Round "11"]
[White "Chighvaria, Ana"]
[Black "Rekhviashvili, Mariam"]
[Result "1-0"]
[Board "78"]
[TimeControl "5400+30"]
[WhiteFideId "13628666"]
[BlackFideId "13635859"]
[WhiteElo "1518"]
[BlackElo "1836"]
[WhiteClock "0:10:36"]
[BlackClock "0:15:16"]
[Variant "Standard"]

1. d4 d5 2. Nf3 Nf6 3. Nbd2 e6 4. e3 Bd6 5. Bd3 O-O 6. b3 Nbd7 7. Bb2 b6 8. O-O Bb7 9. Ne5 Ne4 10. Nxe4 dxe4 11. Bc4 Nf6 12. Qe2 Nd5 13. Ba6 Bxa6 14. Qxa6 Qg5 15. Qe2 f5 16. c4 Nf6 17. Rac1 Ng4 18. h3 Nf6 19. a4 Nh5 20. f4 exf3 21. Qxf3 Bxe5 22. dxe5 Rad8 23. Rcd1 Rxd1 24. Rxd1 f4 25. exf4 Rxf4 26. Qc6 Qe7 27. Rd7 Qf8 28. Qxe6+ Kh8 29. Bc1 Rf1+ 30. Kh2 Rxc1 31. Rf7 Qb8 32. Rxc7 Nf6 33. Rc8+ Qxc8 34. Qxc8+ Ng8 35. Qc7 Re1 36. Qxa7 Rxe5 37. Qxb6 Nf6 38. c5 h6 39. c6 Re6 40. Qb8+ Re8 41. c7 1-0

[Event "2026 European Womens Championship"]
[Site "Batumi, GE"]
[Date "2026.06.05"]
[Round "11"]
[White "Casadevall Mainau, Iraida"]
[Black "Tsiganova, Monika"]
[Result "0-1"]
[Board "80"]
[TimeControl "5400+30"]
[WhiteFideId "54543142"]
[BlackFideId "4500199"]
[WhiteElo "1729"]
[BlackElo "2039"]
[BlackTitle "WIM"]
[WhiteClock "0:00:56"]
[BlackClock "0:07:47"]
[Variant "Standard"]

1. e4 c5 2. Nf3 d6 3. d4 cxd4 4. Nxd4 Nf6 5. f3 e5 6. Nb3 d5 7. Bg5 Be6 8. Nc3 d4 9. Nd5 Bxd5 10. exd5 Qxd5 11. c3 Nc6 12. Bxf6 gxf6 13. Qd3 Bh6 14. Rd1 O-O-O 15. Qe4 Be3 16. Qxd5 Rxd5 17. Bc4 Rd7 18. Bd3 Rc7 19. Ke2 h5 20. Be4 Rd8 21. h4 Kb8 22. g4 Ne7 23. cxd4 exd4 24. Rhe1 Rc4 25. Kf1 Rg8 26. Bd3 Rc7 27. Be4 hxg4 28. Nxd4 Bf4 29. fxg4 Rxg4 30. Nf5 Nc6 31. Bf3 Rg8 32. Re4 Be5 33. Re2 Nd8 34. Red2 Ne6 35. b3 a6 36. Rd7 Rgc8 37. Rxc7 Rxc7 38. Bh5 Nf4 39. Bf3 Rc2 40. Nd6 Nh3 41. Be2 Rxa2 42. Nxf7 Bc7 43. h5 Nf4 44. Bg4 Rh2 45. Bf3 Nxh5 46. Nd8 Ng3+ 47. Kg1 Rb2 48. Nxb7 Bb6+ 0-1